 Dungeon Crawl Stone Soup version 0.31.0-32-g396128a36d (webtiles) character file.

Game seed: 5174434281492001746

58 PaiMei the Gusty (level 4, -11/25 HPs)
             Began as a Tengu Air Elementalist on Mar 14, 2024.
             Killed by divine providence
             ... invoked by an orc priest
              (14 damage)
             ... on level 2 of the Dungeon.
             The game lasted 00:01:32 (1213 turns).

PaiMei the Gusty (Tengu Air Elementalist)           Turns: 1213, Time: 00:01:32

Health: -11/25     AC:  2    Str:  8    XL:     4   Next: 2%
Magic:  2/8        EV: 33    Int: 18    God:
Gold:   63         SH:  0    Dex: 14    Spells: 7/8 levels left

rFire   . . .        f - +1 dagger (flame)
rCold   . . .        (no shield)
rNeg    . . .        a - +0 robe
rPois   .            (helmet restricted)
rElec   .            (no cloak)
rCorr   .            (no gloves)
SInv    .            (boots unavailable)
Will    .....        (no amulet)
Stlth   ++           j - +5 ring of evasion
HPRegen 0.24/turn    (no ring)
MPRegen 0.11/turn

%: acrobat
@: acrobatic
A: beak, talons 3, acrobatic
a: no special abilities


You were on level 2 of the Dungeon.
You visited 1 branch of the dungeon, and saw 2 of its levels.

You collected 63 gold pieces.

Inventory:

Hand Weapons
 c - a +0 club
 f - a +1 dagger of flaming (weapon)
Armour
 a - a +0 robe (worn)
Magical Staves
 e - a staff of air
Jewellery
 j - a +5 ring of evasion (left hand)
Scrolls
 d - a scroll of fear {unknown}
 g - a scroll of blinking {unknown}
Potions
 b - a potion of magic
 h - a potion of might {unknown}
 i - 2 potions of enlightenment {unknown}


   Skills:
 + Level 1.2 Fighting
 + Level 2.9 Dodging
 - Level 2.1 Stealth
 + Level 2.5 Spellcasting
 - Level 1.7 Conjurations
 + Level 4.6 Air Magic


You had 7 spell levels left.
You knew the following spells:

 Your Spells              Type           Power      Damage    Failure   Level
a - Shock                 Conj/Air       52%        1d6       4%          1

Your spell library contained the following spells:

 Spells                   Type           Power      Damage    Failure   Level
 Static Discharge         Conj/Air       26%        3-5/arc   7%          2
 Swiftness                Air            19%        N/A       8%          3
 Airstrike                Air            9%         2d(2-18)  26%         4


Dungeon Overview and Level Annotations

Branches:
Dungeon (2/15)

Altars:

Annotations:
D:2 1 runed translucent door, Crazy Yiuf


Innate Abilities, Weirdness & Mutations

You have a beak for a mouth.
You have claws for feet.
You can magically evade attacks while moving or waiting.


Message History

The zap hits the orc.
The orc is moderately wounded.
The orc priest invokes the aid of Beogh against you.
Beogh smites you!
Ouch! That really hurt!
Casting: Shock (safe; 4% risk of failure)
Confirm with . or Enter, or press ? or * to list all spells.
Aiming: Shock (safe; 4% risk of failure)
Press: ? - help, Shift-Dir - straight line, f - orc
Aim: an orc, wielding a +0 hand axe and wearing a +0 leather armour (68% to hit)
The zap hits the orc.
The orc is moderately wounded.
Casting: Shock (safe; 4% risk of failure)
Confirm with . or Enter, or press ? or * to list all spells.
Aiming: Shock (safe; 4% risk of failure)
Press: ? - help, Shift-Dir - straight line, f/p - orc
Aim: an orc, wielding a +0 hand axe and wearing a +0 leather armour (moderately wounded, 68% to hit)
The zap hits the orc.
The orc is severely wounded.
The zap hits the orc.
The orc is almost dead.
Casting: Shock (safe; 4% risk of failure)
Confirm with . or Enter, or press ? or * to list all spells.
You don't have enough magic to cast this spell.
Casting: Shock (safe; 4% risk of failure)
Confirm with . or Enter, or press ? or * to list all spells.
You don't have enough magic to cast this spell.
You hit the orc. You burn the orc.
You kill the orc!
You have reached level 4!
You feel clever.
You see here a rat corpse.
The orc priest invokes the aid of Beogh against you.
Beogh smites you!
Ouch! That really hurt!
* * * LOW HITPOINT WARNING * * *
The orc priest mumbles some strange prayers to Beogh against you.
Beogh smites you!
Ouch! That really hurt!
You die...

.............###
........#...#
#....#...#
####.......#
#..<†#....###
#.....<.###...###
#.##....###....[#
#. #....##...####
#.......#@#
##....####.#
......# #.#
.##....# #.#
.......####o##
.......#...o.#
#.....#.##†## #.
#......o#
###.####.....####


You could see an orc priest and 2 orcs.

Vanquished Creatures
  An orc wizard (D:2)
  2 dart slugs (D:1)
  An orc (D:2)
  4 ball pythons (D:1)
  2 endoplasms (D:2)
  A giant cockroach (D:1)
  4 goblins (D:1)
  A kobold (D:1)
  3 quokkas (D:1)
  3 bats
  A frilled lizard (D:1)
  4 rats
27 creatures vanquished.

Notes
Turn   | Place    | Note
-------+----------+-------------------------------------------
     0 | D:1      | PaiMei the Tengu Air Elementalist began the quest for the
                  | Orb.
     0 | D:1      | Reached XP level 1. HP: 10/10 MP: 4/4
   163 | D:1      | Reached XP level 2. HP: 15/15 MP: 4/6
   659 | D:1      | Reached XP level 3. HP: 20/20 MP: 4/7
   775 | D:1      | Found a faded altar of an unknown god.
  1131 | D:2      | Found a runed translucent door.
  1132 | D:2      | Noticed Crazy Yiuf
  1194 | D:2      | Reached skill level 1 in Fighting
  1198 | D:2      | Reached XP level 4. HP: 12/25 MP: 0/8
  1213 | D:2      | Killed from afar by an orc priest

Illustrated notes

Levels and vault maps discovered:
D:1:      lightli_molten_gateway, layout_basic,
          hellmonk_ecumenical_altar_defaced_shrine
D:2:      layout_rooms, uniq_sigmund, uniq_crazy_yiuf_cottage

Skill      XL: |  1  2  3 |
---------------+----------+-----
Fighting       | 1 |  1.2
Dodging        | |  2.9
Stealth        | |  2.1
Spellcasting   | |  2.5
Conjurations   | |  1.7
Air Magic      | |  4.6

Action                     |  1- 3 |  4- 6 || total
---------------------------+-------+-------++-------
  Melee: Staff             |     5 |       ||     5
         Dagger            |     7 |       ||     7
         Kick              |     2 |       ||     2
         Peck              |     1 |       ||     1
   Cast: Shock             |    51 |       ||    51
   Stab: Sleeping          |     1 |       ||     1
 Armour: Robe              |     6 |       ||     6
  Dodge: Dodged            |    11 |       ||    11
